 Dungeon Crawl Stone Soup version 0.28-a0-861-ge64d6db94f (webtiles) character file.

Game seed: 12376884862567137081

261520 wakim the Wrestler (level 20, 0/180 HPs)
             Began as a Ghoul Fighter on Nov 14, 2021.
             Was a High Priest of Okawaru.
             Slain by a +1 vorpal long sword (6 damage)
             ... animated by a strange machine
             ... in a wizard's laboratory on Nov 15, 2021.
             The game lasted 02:47:20 (53340 turns).

wakim the Wrestler (Ghoul Fighter)                 Turns: 53340, Time: 02:47:20

Health: 0/180      AC: 29    Str: 25    XL:     20   Next: 37%
Magic:  20/27      EV: 13    Int:  8    God:    Okawaru [*****.]
Gold:   1355       SH: 21    Dex: 16    Spells: 19/19 levels left

rFire   + . .      SeeInvis +     - Unarmed
rCold   + + .      Faith    .   s - +0 kite shield of Eternal Vigilance {rC+ Dex+2 Stlth+}
rNeg    + + +      Spirit   .   g - +0 plate armour of the Shining Light {rElec rC+ Will+ Int+4}
rPois   ∞          Reflect  +   n - +0 hat {Will+}
rElec   +          Harm     .   b - +2 cloak {rCorr}
rCorr   +          Rampage  +   k - +0 pair of gloves {Str+3}
Will    +++..                   i - +0 pair of boots {rampage}
Stlth   ..........              c - amulet of reflection
HPRegen 0.00/turn               h - +4 ring of protection
MPRegen 0.20/turn               j - ring "Juuc" {Fire Str-3 Dex+3 Slay+5 SInv}

@: heroic, finesse-ful, inhibited regen, studying 2 skills
A: claws 1, cold resistance 1, negative energy resistance 3, inhibited
regeneration, torment resistance 2
}: 1/15 runes: serpentine
a: Renounce Religion, Heroism, Finesse, Duel


You were in a wizard's laboratory.
You worshipped Okawaru.
Okawaru was extremely pleased with you.
You visited 6 branches of the dungeon, and saw 30 of its levels.
You also visited: Sewer, Ossuary, Gauntlet, Ice Cave and Wizlab.

You collected 2975 gold pieces.
You spent 1620 gold pieces at shops.

Inventory:

Hand Weapons
 p - the +8 arbalest of Grim Indomitability {elec, Stlth+}
   (Okawaru gifted it to you in a wizard's laboratory)

   Any ammunition fired from it occasionally discharges a powerful burst of
   electricity upon striking a foe.
   Stlth:     It makes you more stealthy.
 u - the +7 triple crossbow "Visioryc" {speed, Drain Will- Int+9}
   (You subdued it in a wizard's laboratory)

   Attacks with this weapon are significantly faster.
   Int:       It affects your intelligence (+9).
   Drain:     It drains your maximum health when unequipped.
   Will:      It decreases your willpower.
Missiles
 a - 93 poisoned darts
 d - 32 atropa-tipped darts
 e - 16 javelins
 C - 4 throwing nets {=f!f}
 L - 3 silver javelins
 M - 15 boomerangs (quivered)
Armour
 b - a +2 cloak of preservation (worn)
 g - the +0 plate armour of the Shining Light (worn) {rElec rC+ Will+ Int+4}
   (You took it off an orc warrior on level 10 of the Dungeon)

   Int:       It affects your intelligence (+4).
   rC:        It protects you from cold.
   rElec:     It insulates you from electricity.
   Will:      It increases your willpower.
 i - a +0 pair of boots of rampaging (worn)
 k - a +0 pair of gloves of strength (worn)
 n - a +0 hat of willpower (worn)
 q - a +0 tower shield of cold resistance
 r - a scarf of invisibility
 s - the +0 kite shield of Eternal Vigilance (worn) {rC+ Dex+2 Stlth+}
   (Okawaru gifted it to you on level 13 of the Dungeon)

   Dex:       It affects your dexterity (+2).
   rC:        It protects you from cold.
   Stlth:     It makes you more stealthy.
 S - a +1 plate armour of fire resistance
 Z - a +0 crystal plate armour
Jewellery
 c - an amulet of reflection (around neck)
 h - a +4 ring of protection (left hand)
 j - the ring "Juuc" (right hand) {Fire Str-3 Dex+3 Slay+5 SInv}
   (You acquired it on level 2 of the Snake Pit)

   [ring of fire]

   It enhances your fire magic.
   Str:       It affects your strength (-3).
   Dex:       It affects your dexterity (+3).
   Slay:      It affects your accuracy & damage with ranged weapons and melee
   (+5).
   rF:        It protects you from fire.
   rC:        It makes you vulnerable to cold.
   SInv:      It lets you see invisible.
 o - the ring of the Everdark {Ice Will+ SInv}
   (You acquired it on level 12 of the Dungeon)

   [ring of ice]

   It enhances your ice magic.
   rF:        It makes you vulnerable to fire.
   rC:        It protects you from cold.
   SInv:      It lets you see invisible.
   Will:      It increases your willpower.
 V - the ring of Qazlal's Favour {rC+ Dex+2}
   (You found it in an ice cave)

   [ring of protection from cold]

   Dex:       It affects your dexterity (+2).
   rC:        It protects you from cold.
Wands
 t - a wand of digging (6)
 w - a wand of acid (7)
 x - a wand of iceblast (17)
 y - a wand of paralysis (25)
 z - a wand of polymorph (15)
 P - a wand of flame (48)
Scrolls
 f - 7 scrolls of enchant armour
 m - a scroll of torment
 R - 4 scrolls of magic mapping {!r}
 T - 10 scrolls of teleportation
 U - 4 scrolls of fear
 X - 2 scrolls of fog
 Y - 4 scrolls of blinking {!r}
Potions
 A - 2 potions of ambrosia
 B - 6 potions of attraction {!q}
 D - 3 potions of brilliance
 E - 3 potions of cancellation
 F - 14 potions of curing
 G - 12 potions of flight
 H - 6 potions of haste
 I - 2 potions of invisibility
 J - 10 potions of heal wounds
 K - a potion of magic
 N - 4 potions of might
 O - a potion of resistance
Miscellaneous
 l - a condenser vane
 v - a lightning rod (4/4)


   Skills:
 + Level 15.7(20.7) Fighting
 + Level 11.8(16.8) Throwing
 + Level 13.4(18.4) Armour
 - Level 6.0(11.0) Dodging
 - Level 15.0(20.0) Shields
 * Level 21.1(26.1) Unarmed Combat
 + Level 11.6 Invocations
 + Level 6.3 Evocations


You had 19 spell levels left.
You didn't know any spells.
Your spell library contained the following spells:

 Spells                   Type           Power      Damage    Failure   Level
 Apportation              Tloc           0%         N/A       94%         1
 Foxfire                  Conj/Fire      0%         2x1d4     94%         1
 Magic Dart               Conj           0%         1d3       94%         1
 Slow                     Hex            0%         N/A       94%         1
 Ensorcelled Hibernation  Hex/Ice        0%         N/A       98%         2
 Searing Ray              Conj           0%         2d4       98%         2
 Confusing Touch          Hex            0%         N/A       100%        3
 Conjure Flame            Conj/Fire      0%         6-21      100%        3
 Dazzling Flash           Conj/Hex       0%         N/A       100%        3
 Frozen Ramparts          Ice            0%         1d2       100%        3
 Gell's Gravitas          Tloc           0%         N/A       100%        3
 Inner Flame              Hex/Fire       0%         N/A       100%        3
 Ozocubu's Armour         Ice            0%         N/A       100%        3
 Teleport Other           Tloc           0%         N/A       100%        3
 Flame Wave               Conj/Fire      0%         3d3       100%        4
 Fulminant Prism          Conj/Hex       0%         3d6       100%        4
 Iskenderun's Mystic Bla  Conj/Tloc      0%         2d3       100%        4
 Agony                    Necr           0%         N/A       100%        5
 Fireball                 Conj/Fire      0%         3d3       100%        5
 Irradiate                Conj/Tmut      0%         3d14      100%        5
 Iskenderun's Battlesphe  Conj           0%         2d6       100%        5
 Silence                  Hex/Air        0%         N/A       100%        5
 Yara's Violent Unravell  Hex/Tmut       0%         3d3       100%        5
 Conjure Ball Lightning   Conj/Air       0%         3x3d6     100%        6
 Dispersal                Tloc           0%         N/A       100%        6
 Iron Shot                Conj/Erth      0%         9d1       100%        6
 Starburst                Conj/Fire      0%         6d3       100%        6
 Orb of Destruction       Conj           0%         N/A       100%        7
 Ozocubu's Refrigeration  Ice            0%         4d5       100%        7
 Discord                  Hex            0%         N/A       100%        8
 Disjunction              Tloc           0%         N/A       100%        8
 Ignition                 Fire           0%         3d3       100%        8
 Animate Skeleton         Necr           Unusable   N/A       N/A         1
 Summon Small Mammal      Summ           Unusable   N/A       N/A         1
 Spider Form              Tmut/Pois      Unusable   N/A       N/A         3
 Summon Guardian Golem    Hex/Summ       Unusable   N/A       N/A         3
 Ice Form                 Ice/Tmut       Unusable   N/A       N/A         4
 Summon Ice Beast         Ice/Summ       Unusable   N/A       N/A         4
 Blade Hands              Tmut           Unusable   N/A       N/A         5
 Dragon Form              Tmut           Unusable   N/A       N/A         7
 Spellforged Servitor     Conj/Summ      Unusable   N/A       N/A         7

Dungeon Overview and Level Annotations

Branches:
Dungeon (15/15)            Temple (1/1) D:4            Lair (6/6) D:10
 Shoals (0/4) Lair:2        Snake (4/4) Lair:3        Slime (0/5) Lair:6
    Orc (2/2) D:10            Elf (0/3) Orc:2        Vaults (0/5) D:14
 Depths (2/4) D:15          Sewer (visited)         Ossuary (visited)
  IceCv (visited)          WizLab (1/1)             Gauntlet (visited)

Altars:
Ashenzari
Cheibriados
Dithmenos
Elyvilon
Fedhas
Gozag
Hepliaklqana
Kikubaaqudgha
Makhleb
Nemelex Xobeh
Okawaru
Qazlal
Ru
Sif Muna
Trog
Uskayaw
Vehumet
Wu Jian
Xom
Yredelemnul
Zin
The Shining One
Beogh

Shops:
D:1 *!*   D:2 (   D:5 ?   D:6 [   D:15 (   Orc:2 **[!!   Snake:2 (
Depths:1 *=

Portals:
Hell: Depths:1
Pandemonium: Depths:1

Annotations:
Snake:4 4 exclusions


Innate Abilities, Weirdness & Mutations

You thrive by killing the living.
You are immune to poison.
You have sharp fingernails.
Your flesh is cold resistant. (rC+)
You are immune to negative energy. (rN+++)
You do not regenerate when monsters are visible.
You are immune to unholy pain and torment.


Message History

Wakim's illusion shimmers and vanishes!
The +1 vorpal long sword hits you.
The +1 vorpal long sword completely misses you.
You block the +1 vorpal long sword's attack.
The rakshasa hits you with a +0 whip! The +1 vorpal long sword hits you!
You block the +1 vorpal long sword's attack.
Things that are here:
a +4 vorpal long sword; a +0 flail of protection The +1 vorpal long sword hits you but does no damage.
Items here: (( ))))) [.
The +1 vorpal long sword hits you but does no damage.
The +1 vorpal long sword hits you!
* * * LOW HITPOINT WARNING * * *
* * * LOW HITPOINT WARNING * * *
You block the +1 vorpal long sword's attack.
Things that are here:
a +0 fustibalus of freezing; 21 stones; a +0 whip The +1 vorpal long sword hits you!
* * * LOW HITPOINT WARNING * * *
* * * LOW HITPOINT WARNING * * *
There is a large open translucent door here.
You gain the combat prowess of a mighty hero.
You block the +2 trident of freezing's attack.
The +1 vorpal long sword hits you!
* * * LOW HITPOINT WARNING * * *
* * * LOW HITPOINT WARNING * * *
The +2 trident of freezing hits you from afar!
* * * LOW HITPOINT WARNING * * *
The +2 trident of freezing freezes you.
* * * LOW HITPOINT WARNING * * *
You can now deal lightning-fast blows.
You block the +1 vorpal long sword's attack.
You block the +2 trident of freezing's attack.
The rakshasa gestures at you. The lance of force hits you!!
* * * LOW HITPOINT WARNING * * *
You are knocked back by the lance of force.
You slam into the stone wall!
* * * LOW HITPOINT WARNING * * *
The +1 vorpal long sword hits you.
You die...

...............##...##
.###.....###))(##..###
#####...#####)....###
###.#####..⌠..###
##.8.# ###...###
##..... ###R(###
##..⌠.. ##..(##
##.....###R(### ##'@##
#.[## ##...## ##[..##
##...## ##...## #..
##...## #..
##.....###...## ..
#.....###)..##


You could see 2 rakshasas and 3 dancing weapons.

Vanquished Creatures
  Jorgrun (Lair:3)
  2 walking earthen tomes (WizLab)
  2 liches (Depths:1)
  2 walking frostbound tomes (WizLab)
  A walking divine tome (Arena)
  Frances (D:14)
  Agnes (Snake:2)
  Kirke (D:13)
  A strange machine (WizLab)
  Donald (Snake:1)
  3 azure jellies (IceCv)
  13 nagarajas
  A fire giant (Depths:1)
  A rockslime (IceCv)
  A frost giant (Depths:1)
  Aizul (Snake:1)
  5 very ugly things (Depths:1)
  4 quicksilver oozes (IceCv)
  A stone giant (Depths:2)
  A minotaur (Gauntlet)
  A merfolk javelineer (Depths:1)
  5 ettins
  A fire dragon (Depths:1)
  Josephine (D:11)
  3 salamander tyrants (Snake:4)
  A great orb of eyes (Depths:2)
  An ice dragon (Depths:1)
  4 vault guards
  25 naga warriors
  5 hydras
  4 rakshasas (WizLab)
  9 centaur warriors
  A hell beast (Gauntlet)
  3 two-headed ogres
  2 catoblepae
  13 dancing weapons (WizLab)
  9 anacondas
  A merfolk avatar (Lair:6)
  Erica (Lair:1)
  The ghost of wakim the Arsonist, a novice DrFE of Sif Muna (D:10)
  4 deep troll shamans
  2 death knights (D:15)
  A vampire mage (Depths:2)
  4 death yaks
  6 deep troll earth magi
  Nergalle (Lair:4)
  A titan zombie (Depths:1)
  3 shock serpents
  5 orc high priests
  3 tengu warriors (D:15)
  14 naga sharpshooters
  A sixfirhy (Gauntlet)
  5 skeletal warriors
  5 iron trolls
  A sea snake (Lair:6)
  11 deep trolls
  6 salamander mystics
  2 orc knights
  6 naga ritualists
  2 necromancers
  A harpy (Lair:6)
  A deep elf pyromancer (D:14)
  7 mana vipers
  A phantasmal warrior (D:15)
  14 salamanders
  4 manticores
  3 orc sorcerers
  2 oklob plants (Lair:6)
  A merfolk siren (Lair:2)
  42 ugly things
  9 cyclopes
  9 elephants
  3 centaur zombies
  12 naga magi
  Joseph (D:7)
  35 black mambas
  6 guardian serpents
  15 cane toads
  2 gargoyles (D:11)
  2 unseen horrors
  An unseen horror (shapeshifter) (D:15)
  2 torpor snails
  3 rime drakes
  A kobold demonologist (D:11)
  10 komodo dragons
  3 freezing wraiths (D:15)
  4 entropy weaver simulacra (IceCv)
  3 very ugly thing simulacra (IceCv)
  2 tengu conjurers (D:15)
  4 trolls
  2 spriggan skeletons (Depths:1)
  An efreet (D:13)
  The ghost of sn0wgr3 the Skirmisher, an amateur MiFi (D:5)
  6 polar bears
  A queen bee (Lair:3)
  The ghost of tstbtto the Cleaver, an amateur HOBe of Trog (D:4)
  4 meliai (Lair:3)
  A merfolk (Lair:2)
  14 blink frogs
  29 slime creatures
  2 wind drakes (Lair:6)
  4 dream sheep (Lair:5)
  A snapping turtle (Lair:6)
  A centaur simulacrum (D:14)
  2 shadows
  46 yaks
  7 water elementals (Depths:1)
  3 wyverns
  8 wraiths
  A vampire (D:11)
  A hog (D:13)
  3 humans (D:13)
  Grum (D:10)
  8 vampire mosquitoes
  7 basilisks
  5 steam dragons
  A warg (D:10)
  2 demonic crawler simulacra (IceCv)
  43 nagas
  21 water moccasins
  2 hell hounds (Gauntlet)
  25 orc warriors
  A sky beast (D:6)
  A hornet zombie (D:7)
  3 black bears
  3 ugly thing simulacra (IceCv)
  2 ice beasts (D:6)
  A necrophage (D:5)
  4 ogres
  8 wolves
  12 centaurs
  7 bullfrogs
  4 kobold brigands
  A wyvern zombie (D:8)
  3 gnoll sergeants
  2 scorpions
  32 killer bees
  2 howler monkeys
  10 electric eels
  4 wights (D:8)
  3 hounds
  28 orc priests
  2 centaur skeletons
  Jessica (D:3)
  6 iguanas
  33 orc wizards
  A killer bee zombie (D:8)
  A hound zombie (D:5)
  8 mummies (Ossuary)
  2 howler monkey zombies (D:9)
  12 adders
  19 gnolls
  A howler monkey skeleton (D:6)
  2 river rats
  A shadow imp (D:5)
  2 white imps
  5 ufetubi
  An adder skeleton (D:4)
  3 dart slugs
  121 orcs
  6 ball pythons
  5 endoplasms
  9 giant cockroaches
  2 gnoll zombies (Ossuary)
  8 goblins
  4 hobgoblins
  4 quokkas
  3 bats (D:3)
  17 frilled lizards
  2 hobgoblin zombies (Ossuary)
  30 kobolds
  A kobold zombie (Ossuary)
  3 orc zombies (Ossuary)
  5 rats
1126 creatures vanquished.

Vanquished Creatures (others)
  A rakshasa (WizLab)
  A very ugly thing simulacrum (IceCv)
  A naga (Snake:1)
  35 fungi
  97 plants
135 creatures vanquished.

Grand Total: 1261 creatures vanquished

Notes
Turn   | Place    | Note
-------+----------+-------------------------------------------
     0 | D:1      | wakim the Ghoul Fighter began the quest for the Orb.
     0 | D:1      | Reached XP level 1. HP: 19/19 MP: 0/0
   218 | D:1      | Reached XP level 2. HP: 26/26 MP: 1/1
   290 | D:1      | Found Synterphu's Distillery.
   618 | D:1      | Found Togullen's Assorted Antiques.
   626 | D:1      | Bought a scroll labelled AXZAJU WIB for 16 gold pieces
  1038 | D:1      | Found Beleuf's General Store.
  1072 | D:2      | Found Notinor's Antique Weapon Boutique.
  1147 | D:2      | Reached XP level 3. HP: 31/31 MP: 2/2
  1587 | D:1      | Bought a scroll of identify for 22 gold pieces
  1752 | D:2      | Reached skill level 3 in Unarmed Combat
  1756 | D:2      | Reached XP level 4. HP: 36/40 MP: 3/3
  2066 | D:3      | Reached XP level 5. HP: 46/46 MP: 4/4
  2096 | D:3      | Found a faded altar of an unknown god.
  2278 | D:3      | Noticed Jessica
  2281 | D:3      | Killed Jessica
  2463 | D:3      | Reached skill level 4 in Unarmed Combat
  2539 | D:3      | Reached XP level 6. HP: 45/52 MP: 5/5
  2739 | D:1      | Bought a potion of heal wounds for 55 gold pieces
  3049 | D:4      | Reached skill level 5 in Unarmed Combat
  3185 | D:4      | Found a staircase to the Ecumenical Temple.
  3195 | Temple   | Entered the Ecumenical Temple
  3720 | Temple   | Became a worshipper of Warmaster Okawaru
  3807 | D:4      | Reached XP level 7. HP: 60/60 MP: 6/6
  4197 | D:4      | Found a runed translucent gate.
  4197 | D:4      | Found a runed translucent gate.
  4197 | D:4      | Found a runed translucent gate.
  4200 | D:4      | Noticed tstbtto's ghost (amateur HOBe)
  4475 | D:5      | Entered Level 5 of the Dungeon
  4636 | D:5      | Reached skill level 5 in Fighting
  4645 | D:5      | Reached skill level 6 in Unarmed Combat
  4824 | D:5      | Reached * piety under Okawaru
  5172 | D:1      | Bought a metallic yellow potion for 14 gold pieces
  5172 | D:1      | Bought a fine platinum ring for 80 gold pieces
  5172 | D:1      | Identified the ring "Qosur" {*Corrode rPois Str+6 Int+2
                  | Dex+4} (You bought it in a shop on level 1 of the Dungeon)
  5299 | D:6      | Reached XP level 8. HP: 64/69 MP: 7/7
  5358 | D:6      | Reached skill level 1 in Invocations
  5373 | D:6      | Found a glowing drain.
  5377 | Sewer    | Entered a sewer
  5706 | Sewer    | Reached skill level 7 in Unarmed Combat
  6570 | D:4      | Found a broken altar of Ashenzari.
  6817 | D:5      | Found Diusonir's Magic Scroll Shop.
  6823 | D:5      | Bought a scroll of blinking for 75 gold pieces
  6980 | D:5      | Reached skill level 5 in Armour
  7122 | D:5      | Found a runed translucent door.
  7125 | D:5      | Noticed sn0wgr3's ghost (amateur MiFi)
  7355 | D:5      | Reached ** piety under Okawaru
  7814 | D:6      | Found Tacilia's Armour Shop.
  7820 | D:6      | Identified the +1 chain mail "Xiphon" {+Blink MP+9 Slay+3}
  8082 | D:6      | Reached skill level 8 in Unarmed Combat
  8158 | D:6      | Reached XP level 9. HP: 65/78 MP: 10/10
  9188 | D:5      | Bought a scroll of identify for 20 gold pieces
  9188 | D:5      | Bought a scroll of identify for 20 gold pieces
  9188 | D:5      | Bought a scroll of identify for 20 gold pieces
  9237 | D:5      | Killed sn0wgr3's ghost
  9238 | D:5      | Reached skill level 9 in Unarmed Combat
  9355 | D:4      | Killed tstbtto's ghost
  9536 | D:7      | Found a sand-covered staircase.
  9540 | Ossuary  | Entered an ossuary
  9920 | D:7      | Reached *** piety under Okawaru
 10287 | D:7      | Reached skill level 5 in Invocations
 10823 | D:6      | Bought a +0 cloak for 67 gold pieces
 10979 | D:7      | Noticed Joseph
 10989 | D:7      | Killed Joseph
 10990 | D:7      | Reached skill level 10 in Unarmed Combat
 10990 | D:7      | Reached XP level 10. HP: 74/88 MP: 13/13
 11054 | D:8      | Noticed a catoblepas
 11229 | D:8      | Reached **** piety under Okawaru
 11247 | D:8      | Reached skill level 1 in Evocations
 11368 | D:8      | Reached skill level 1 in Throwing
 12078 | D:8      | Killed a catoblepas
 12807 | D:9      | Reached skill level 11 in Unarmed Combat
 13200 | D:9      | Reached XP level 11. HP: 95/95 MP: 15/15
 13461 | D:10     | Entered Level 10 of the Dungeon
 13480 | D:10     | Reached ***** piety under Okawaru
 13630 | D:10     | Found a staircase to the Orcish Mines.
 13853 | D:10     | Identified the +9 war axe of Enigaw {drain, *Noise rF+
                  | Int+4}
 13874 | D:10     | Found a staircase to the Lair.
 13874 | D:10     | Found a runed translucent gate.
 13874 | D:10     | Noticed wakim's ghost (novice DrFE)
 13878 | D:10     | Identified the +0 plate armour of the Shining Light {rElec
                  | rC+ Will+ Int+4}
 13879 | D:10     | Found a runed translucent gate.
 13880 | D:10     | Found a runed translucent gate.
 14459 | D:10     | Noticed Grum
 14474 | D:10     | Killed Grum
 14544 | D:10     | Noticed a two-headed ogre
 14552 | D:10     | Killed a two-headed ogre
 14692 | Lair:1   | Entered Level 1 of the Lair of Beasts
 14782 | Lair:1   | Noticed a six-headed hydra
 14804 | Lair:1   | Reached skill level 12 in Unarmed Combat
 14806 | Lair:1   | Received a gift from Okawaru
 14812 | Lair:1   | Killed a six-headed hydra
 14909 | Lair:1   | Noticed Erica
 15056 | Lair:1   | Killed Erica
 15376 | Lair:1   | Received a gift from Okawaru
 15671 | Lair:1   | Reached XP level 12. HP: 105/105 MP: 16/16
 16338 | Lair:2   | Received a gift from Okawaru
 16426 | Lair:2   | Reached skill level 13 in Unarmed Combat
 17253 | Lair:2   | Noticed a death yak
 17262 | Lair:2   | Killed a death yak
 17271 | Lair:2   | Reached ****** piety under Okawaru
 17272 | Lair:2   | Reached skill level 10 in Fighting
 17278 | Lair:2   | Reached skill level 5 in Throwing
 17301 | Lair:2   | Noticed a seven-headed hydra
 17308 | Lair:2   | Killed a seven-headed hydra
 17433 | Lair:2   | Noticed a catoblepas
 17444 | Lair:2   | Killed a catoblepas
 17444 | Lair:2   | Received a gift from Okawaru
 17609 | Lair:2   | Found a staircase to the Shoals.
 18113 | Lair:3   | Reached skill level 14 in Unarmed Combat
 18329 | Lair:3   | Found a staircase to the Snake Pit.
 18577 | Lair:3   | Identified a scroll of acquirement
 18578 | Lair:3   | Acquired a manual of Evocations
 18752 | Lair:3   | Reached XP level 13. HP: 100/114 MP: 17/17
 19532 | Lair:3   | Received a gift from Okawaru
 20087 | Lair:4   | Identified the +2 leather armour of Conscience {Str+3
                  | Int+3}
 20250 | Lair:4   | Noticed Nergalle
 20267 | Lair:4   | Killed Nergalle
 20268 | Lair:4   | Reached skill level 15 in Unarmed Combat
 20658 | Lair:4   | You fall into a shaft and drop 1 floor!
 21796 | Lair:6   | Entered Level 6 of the Lair of Beasts
 22515 | Lair:6   | Reached XP level 14. HP: 125/125 MP: 19/19
 22601 | Lair:6   | Reached skill level 10 in Armour
 22835 | Lair:6   | Reached skill level 16 in Unarmed Combat
 22839 | Lair:6   | Received a gift from Okawaru
 23699 | Lair:6   | Found a staircase to the Slime Pits.
 24470 | D:10     | Killed wakim's ghost
 24711 | D:11     | Noticed Josephine
 24735 | D:11     | Killed Josephine
 25285 | D:11     | Reached skill level 1 in Dodging
 25738 | D:12     | Identified the +5 flail "Gaxojule" {vamp, Str+2}
 25933 | D:12     | Found a gate leading to a gauntlet.
 25939 | Gauntlet | Entered a Gauntlet
 25939 | Gauntlet | Found a transporter.
 25939 | Gauntlet | Found a transporter.
 25939 | Gauntlet | Found a runed translucent gate.
 25939 | Gauntlet | Found a runed translucent gate.
 25939 | Gauntlet | Found a runed translucent gate.
 25940 | Gauntlet | Found a transporter.
 25941 | Gauntlet | Found a transporter.
 25941 | Gauntlet | Found a transporter.
 25944 | Gauntlet | Found a transporter.
 25950 | Gauntlet | Found a transporter.
 25952 | Gauntlet | Found a transporter.
 25953 | Gauntlet | Found a transporter.
 25956 | Gauntlet | Found a transporter.
 25963 | Gauntlet | Found a transporter.
 25966 | Gauntlet | Found a transporter.
 26372 | Gauntlet | Identified the ring of Foacy {rN+++ rCorr MP+9 Int-5}
 26592 | D:12     | Acquired the ring of the Everdark {Ice Will+ SInv}
 26652 | D:12     | Acquired a manual of Invocations
 26779 | D:12     | Found an iron altar of Okawaru.
 26891 | D:12     | Received a gift from Okawaru
 27489 | D:13     | Noticed Kirke
 27507 | D:13     | Killed Kirke
 27508 | D:13     | Reached XP level 15. HP: 128/134 MP: 18/21
 27569 | D:13     | Reached skill level 10 in Invocations
 27903 | D:13     | Reached skill level 5 in Shields
 28250 | D:13     | Received a gift from Okawaru
 28457 | D:13     | Identified the +1 scale mail of Sanoycla {rPois}
 28821 | Orc:1    | Entered Level 1 of the Orcish Mines
 28829 | Orc:1    | Found a burning altar of Makhleb.
 29292 | Orc:2    | Entered Level 2 of the Orcish Mines
 29292 | Orc:2    | Found a runed translucent door.
 29573 | Orc:2    | Found a staircase to the Elven Halls.
 30803 | Orc:2    | Found Cumisaij's General Store.
 30803 | Orc:2    | Found Sadd's Distillery.
 30803 | Orc:2    | Found Wyfridd's Antique Armour Shop.
 30808 | Orc:2    | Found Foyli's General Store.
 30815 | Orc:2    | Bought a potion of resistance for 150 gold pieces
 30816 | Orc:2    | Bought a shimmering helmet for 275 gold pieces
 30816 | Orc:2    | Identified the +0 helmet of the Four Friends {Contam rPois
                  | rN+ MP+9} (You bought it in a shop on level 2 of the Orcish
                  | Mines)
 30837 | Orc:2    | Bought a scroll of identify for 26 gold pieces
 30908 | Orc:2    | Reached skill level 17 in Unarmed Combat
 31421 | Orc:2    | Found Roustoir's Distillery.
 31429 | Orc:2    | Bought a potion of ambrosia for 96 gold pieces
 31769 | D:14     | Noticed Frances
 31800 | D:14     | Killed Frances
 32610 | D:13     | Identified the +0 kite shield of Eternal Vigilance {rC+
                  | Dex+2 Stlth+} (Okawaru gifted it to you on level 13 of the
                  | Dungeon)
 32610 | D:13     | Received a gift from Okawaru
 34523 | D:14     | Found a gate to the Vaults.
 35022 | D:14     | Reached XP level 16. HP: 133/144 MP: 20/22
 35420 | D:15     | Entered Level 15 of the Dungeon
 35422 | D:15     | Received a gift from Okawaru
 36005 | D:15     | Found Biobos's Weapon Emporium.
 36081 | D:15     | Identified the +7 halberd of Defence by Offence {antimagic,
                  | rF+ Str+3} (Okawaru gifted it to you on level 15 of the
                  | Dungeon)
 36081 | D:15     | Received a gift from Okawaru
 36261 | D:15     | Found a staircase to the Depths.
 36413 | D:15     | Reached skill level 5 in Dodging
 37232 | Snake:1  | Entered Level 1 of the Snake Pit
 37233 | Snake:1  | Noticed Jorgrun
 37270 | Lair:3   | Killed Jorgrun
 37271 | Lair:3   | Reached skill level 18 in Unarmed Combat
 37966 | Snake:1  | Received a gift from Okawaru
 39074 | Snake:1  | Received a gift from Okawaru
 39610 | Snake:1  | Noticed Aizul
 39625 | Snake:1  | Killed Aizul
 39740 | Snake:1  | Noticed Donald
 39756 | Snake:1  | Killed Donald
 40846 | Snake:2  | Acquired the ring "Juuc" {Fire Str-3 Dex+3 Slay+5 SInv}
 40925 | Snake:2  | Found Xak Wubo's Weapon Shoppe.
 41318 | Snake:2  | Reached XP level 17. HP: 132/151 MP: 21/23
 41445 | Snake:2  | Noticed Agnes
 41459 | Snake:2  | Killed Agnes
 41589 | Snake:2  | Reached skill level 10 in Throwing
 42678 | Snake:2  | Reached skill level 10 in Shields
 42807 | Snake:3  | Received a gift from Okawaru
 43581 | Snake:3  | Received a gift from Okawaru
 44121 | Snake:4  | Entered Level 4 of the Snake Pit
 44475 | Snake:4  | Reached skill level 19 in Unarmed Combat
 44531 | Snake:4  | Received a gift from Okawaru
 44531 | Snake:4  | Found the +7 sceptre of Torment {pain, torment}
 44642 | Snake:4  | Found a frozen archway.
 44691 | IceCv    | Entered an ice cave
 45063 | IceCv    | Identified the amulet of Dilotuz {rPois Regen+ MP-9 Str+2}
 45198 | IceCv    | Got the +0 dagger of Moasyonoe {freeze, rN+ rCorr}
 45832 | IceCv    | Received a gift from Okawaru
 46421 | IceCv    | Found a viscous altar of Jiyva.
 46442 | IceCv    | Got the ring of Qazlal's Favour {rC+ Dex+2}
 46778 | Snake:3  | Received a gift from Okawaru
 47463 | Snake:4  | Reached XP level 18. HP: 158/161 MP: 24/24
 48179 | Snake:3  | Reached XP level 19. HP: 169/169 MP: 25/25
 48200 | Snake:4  | Upgraded the game from 0.28-a0-851-g8b9cc49659 to
                  | 0.28-a0-861-ge64d6db94f
 48441 | Snake:4  | Reached skill level 20 in Unarmed Combat
 48490 | Snake:4  | Reached skill level 15 in Fighting
 49151 | Snake:4  | Got a serpentine rune of Zot
 49515 | Depths:1 | Entered Level 1 of the Depths
 49655 | Depths:1 | Received a gift from Okawaru
 49739 | Depths:1 | Found a one-way gate leading to the halls of Pandemonium.
 49863 | Depths:1 | Received a gift from Okawaru
 50069 | Depths:1 | Received a gift from Okawaru
 50210 | Depths:1 | Found a hide-covered altar of Uskayaw.
 50219 | Depths:1 | Found an opulent altar of Gozag.
 50871 | Depths:1 | Found a gateway to Hell.
 51236 | Depths:1 | Found Setou's Assorted Antiques.
 51236 | Depths:1 | Found Yjitogg's Jewellery Shop.
 51261 | Depths:1 | Reached skill level 5 in Evocations
 51329 | Depths:1 | Reached XP level 20. HP: 89/179 MP: 20/27
 51569 | Depths:1 | Bought a +4 ring of protection for 684 gold pieces
 52056 | Depths:2 | Found a magical portal.
 52098 | Depths:2 | Reached skill level 15 in Shields
 52121 | WizLab   | Entered Tukima's Studio
 52306 | WizLab   | Identified the +8 arbalest of Grim Indomitability {elec,
                  | Stlth+} (Okawaru gifted it to you in a wizard's laboratory)
 52306 | WizLab   | Received a gift from Okawaru
 52320 | Arena    | Entered the Arena
 52525 | WizLab   | Identified the +7 triple crossbow "Visioryc" {speed, Drain
                  | Will- Int+9}
 52525 | WizLab   | Noticed wakim's illusion
 52542 | WizLab   | Reached skill level 21 in Unarmed Combat
 52753 | WizLab   | Noticed wakim's illusion
 52911 | WizLab   | Noticed wakim's illusion
 53317 | WizLab   | Noticed wakim's illusion
 53340 | WizLab   | HP: 6/180 [stone wall collision[a strange machine] (11)]
 53340 | WizLab   | Slain by a +1 vorpal long sword

Illustrated notes

Levels and vault maps discovered:
D:1:      matt_arrival_los_fun, layout_basic, serial_shops, shop_fountains,
          shop, nicolae_shop_behind_doors
D:2:      layout_rooms, serial_shops, shop, minmay_lizard_king
D:3:      layout_basic, hellmonk_ecumenical_altar_pennies_from_heaven,
          uniq_jessica
D:4:      layout_gridville, general_overflow_altar,
          minmay_temple_entry_offerings, gammafunk_ghost_nasty_kobolds
D:5:      layout_layer_cave, ebering_ghost_reflecting_pool, serial_shops,
          nicolae_shop_trees, kennysheep_generic_room_5
D:6:      wad_lake_hut, layout_basic, gup_sewer_entry_bowl, serial_shops,
          nicolae_shop_trees, serial_bayou_pond_b, kennysheep_generic_room_12
D:7:      layout_loops_corners, enter_ossuary_5, uniq_joseph
D:8:      layout_basic
D:9:      layout_loops_ring
D:10:     layout_roguey, lair_entry_dummy, hiddenorc2_lemuel,
          biasface_ghost_orc_armoury, uniq_grum
D:11:     layout_rooms, uniq_josephine
D:12:     layout_irregular_city, gauntlet_entry_generic,
          okawaru_ov_weapons_minmay
D:13:     layout_rooms, uniq_kirke
D:14:     layout_cave_pools, lightli_vaults_fourway_checkpoint,
          minmay_staircase_bubble, uniq_frances
D:15:     hangedman_depths_entry_civil_slaughter, layout_basic, serial_shops,
          shop, nicolae_tso_carved_into_rock
Temple:   mainiacjoe_temple_starburst
Lair:1:   layout_gridlike, nicolae_quartered_pool_medium, lemuel_fruit_fields,
          uniq_erica
Lair:2:   layout_cave_pods, elwin_shoals_entry_rooms, minmay_shattered_shrine,
          lemuel_fruit_fields
Lair:3:   regret_index_combs_of_tragedy, layout_loops_ring, dummy_snake_entry,
          infiniplex_staircase_pool_2, grunt_megastairs_5
Lair:4:   layout_regular_city, grunt_forest_large_clearing_hut, uniq_nergalle
Lair:5:   layout_small_grid, serial_bayou_lake_a, lemuel_fruit_tree,
          serial_bayou_shore_b, serial_bayou_shore_a
Lair:6:   gammafunk_lair_ancient_temple, layout_regular_city,
          minmay_slime_entry_oklob_open
Snake:1:  layout_gridlike, grunt_ministairs_11, nicolae_snake_storage_room,
          grunt_megastairs_3, uniq_jorgrun, uniq_donald, uniq_aizul
Snake:2:  layout_chambers, serial_shops, nicolae_shop_trees, uniq_agnes
Snake:3:  layout_onion_interference
Snake:4:  grunt_snake_rune_spirals, layout_onion,
          portal_ice_cave_entry_pillars_2
Orc:1:    layout_caves, basic_altar, bloody_makhleb
Orc:2:    st_orc_mages, layout_caves, serial_shops, shop, special_room,
          lightli_church_of_beogh
Depths:1: layout_gridlike, hangedman_coc_ice_floe, nicolae_gozag_seed_capital,
          pan_entry, kennysheep_pointless_box, nicolae_wooded_promenade,
          nicolae_uskayaw_suspiria
Depths:2: grunt_bruiser_brothers, layout_cave_shapes, enter_ziggurat_c,
          grunt_hell_entry_dis_old, infiniplex_enter_wizlab_glasses,
          rand_demon_pan_entry_5, nicolae_two_hexagons
WizLab:   wizlab_tukima

Skill      XL: |  1  2  3  4  5  6  7  8  9 10 11 12 13 14 15 16 17 18 19 20 |
---------------+-------------------------------------------------------------+-----
Shields        | 3 4 7 9 12 13 14 15 | 15.0
Armour         | 3 4 5 6 7 8 9 10 11 12 13 | 13.4
Unarmed Combat | 3 4 5 6 8 10 11 12 14 15 16 17 18 19 20 21 | 21.1
Fighting       | 4 5 6 7 8 9 10 11 12 13 14 15 | 15.7
Invocations    | 3 5 6 7 8 9 10 11 | 11.6
Evocations     | 2 4 5 6 |  6.3
Throwing       | 2 4 6 7 8 9 10 11 | 11.8
Dodging        | 2 4 5 6 |  6.0

Action                   |  1- 3 |  4- 6 |  7- 9 | 10-12 | 13-15 | 16-18 | 19-21 || total
-------------------------+-------+-------+-------+-------+-------+-------+-------++-------
Melee: Unarmed           |   120 |   183 |   408 |   651 |  1465 |  1053 |   597 ||  4477
Throw: Boomerang         |       |       |       |     8 |   140 |    64 |   104 ||   316
       Dart              |       |       |       |       |     5 |       |       ||     5
Invok: Heroism           |       |       |     4 |     7 |    23 |    27 |    17 ||    78
       Finesse           |       |       |       |     2 |     6 |     8 |     5 ||    21
       Duel              |       |       |       |       |       |       |     1 ||     1
Evoke: Wand              |       |       |     8 |     1 |     4 |     3 |       ||    16
       Lightning rod     |       |       |       |       |       |     2 |       ||     2
  Use: Scroll            |     2 |       |    11 |     5 |     9 |    10 |     1 ||    38
       Potion            |       |       |       |       |     1 |     1 |     1 ||     3
 Stab: Distracted        |       |       |       |       |     1 |       |       ||     1
Armor: Scale mail        |    34 |    60 |    70 |       |       |       |       ||   164
       Chain mail        |       |       |    38 |   243 |   258 |       |       ||   539
       Plate armour      |       |       |       |       |   340 |   341 |   119 ||   800
       Crystal plate arm |       |       |       |       |       |     5 |       ||     5
Dodge: Dodged            |    34 |    58 |   108 |   144 |   320 |   205 |    80 ||   949
Block: Buckler           |    56 |    80 |   146 |   234 |   435 |       |       ||   951
       Reflection        |       |     4 |     1 |     2 |    43 |    94 |    35 ||   179
       Kite shield       |       |       |       |       |   330 |   770 |   311 ||  1411

Table legend: (Time is in decaauts)
 A = Elapsed time spent in this place.
 B = Non-inter-level travel time spent in this place.
 C = Inter-level travel time spent in this place.
 D = Time resting spent in this place.
 E = Time spent auto-exploring this place.
 F = Levels seen in this place.
 G = Mean time per level.
                   A        B        C        D        E       F      G
               +--------+--------+--------+--------+--------+-----+--------+
         Total |  52353 |  48803 |   3550 |   9254 |  30058 |  36 | 1454.2 |
       Dungeon |  22882 |  20864 |   2018 |   3136 |  13872 |  15 | 1525.5 |
        Temple |    577 |    526 |     51 |      0 |    477 |   1 |  577.0 |
          Lair |  10002 |   9310 |    692 |   1517 |   6287 |   6 | 1667.0 |
     Snake Pit |   9053 |   8432 |    621 |   1560 |   4995 |   4 | 2263.2 |
  Orcish Mines |   2886 |   2774 |    112 |    718 |   1378 |   2 | 1443.0 |
        Depths |   2349 |   2295 |     54 |    475 |   1390 |   2 | 1174.5 |
         Sewer |    605 |    605 |      0 |    100 |    203 |   1 |  605.0 |
       Ossuary |    350 |    350 |      0 |      0 |    252 |   1 |  350.0 |
      Ice Cave |   1872 |   1872 |      0 |    666 |    836 |   1 | 1872.0 |
        Wizlab |   1113 |   1113 |      0 |    846 |    105 |   1 | 1113.0 |
      Gauntlet |    628 |    628 |      0 |    207 |    262 |   1 |  628.0 |
         Arena |     32 |     32 |      0 |     29 |      0 |   1 |   32.0 |
               +--------+--------+--------+--------+--------+-----+--------+

Top non-repeatable levels by time:
    D:13: 2944 daAuts
 Snake:1: 2575 daAuts
 Snake:4: 2387 daAuts
  Lair:2: 2293 daAuts
Depths:1: 2279 daAuts
 Snake:3: 2063 daAuts
 Snake:2: 2026 daAuts
  Lair:3: 1907 daAuts
   IceCv: 1872 daAuts
     D:4: 1872 daAuts
     D:5: 1833 daAuts
  Lair:6: 1833 daAuts
    D:14: 1827 daAuts
     D:6: 1820 daAuts
  Lair:5: 1786 daAuts
